 Dungeon Crawl Stone Soup version 0.27.1-2-g3b301248ec (webtiles) character file.

Game seed: 10654430447709622778

51434 Elvor the Thaumaturge (level 14, -3/87 HPs)
             Began as a Deep Elf Conjurer on Oct 5, 2021.
             Was a High Priest of Vehumet.
             Slain by a red ugly thing (23 damage)
             ... on level 6 of the Lair of Beasts.
             The game lasted 03:18:48 (16392 turns).

Elvor the Thaumaturge (Deep Elf Conjurer)          Turns: 16392, Time: 03:18:49

Health: -3/87      AC: 10    Str:  6    XL:     14   Next: 23%
Magic:  1/34       EV: 14    Int: 27    God:    Vehumet [*****.]
Gold:   1166       SH:  8    Dex: 19    Spells: 15/42 levels left

rFire    . . .     SeeInvis .   M - +0 short sword (venom)
rCold    . . .     Faith    .   y - +0 kite shield
rNeg     . . .     Spirit   .   K - +0 steam dragon scales
rPois    .         Reflect  .   u - +2 hat
rElec    .         Harm     .   C - +0 cloak
rCorr    .         Rampage  .   (no gloves)
Will     +....                  j - +0 pair of boots
Stlth    ++++......             V - amulet of regeneration
HPRegen  1.24/turn              S - +6 ring of dexterity
MPRegen  0.24/turn              (no ring)

@: no status effects
A: no striking features
a: Renounce Religion


You were on level 6 of the Lair of Beasts.
You worshipped Vehumet.
Vehumet was extremely pleased with you.
You visited 3 branches of the dungeon, and saw 18 of its levels.

You collected 1166 gold pieces.

Inventory:

Hand Weapons
 n - the +1 hand crossbow "Undertaker" {elec, Stlth+}
   (You found it on level 1 of the Lair of Beasts)

   Any ammunition fired from it occasionally discharges a powerful burst of
   electricity upon striking a foe.
   Stlth:     It makes you more stealthy.
 M - a +0 short sword of venom (weapon)
 Y - the +8 whip "Snakebite" {venom, curare, rPois}
   (You found it on level 11 of the Dungeon)

   It poisons the flesh of those it strikes.
   It occasionally inflicts asphyxiating poison on those it strikes, dealing
   poison damage and causing slowness.
   rPois:     It protects you from poison.
Missiles
 h - 353 stones
 m - 19 poisoned darts
 o - 7 javelins
 s - 19 sling bullets
 L - 17 boomerangs
 T - 3 curare-tipped darts
Armour
 j - a +0 pair of boots (worn)
 u - a +2 hat (worn)
 y - a +0 kite shield (worn)
 C - a +0 cloak (worn)
 K - +0 steam dragon scales (worn)
Jewellery
 p - a ring of protection from cold
 Q - a +6 ring of strength
 S - a +6 ring of dexterity (left hand)
 V - an amulet of regeneration (around neck)
Wands
 r - a wand of polymorph (16)
 A - a wand of paralysis (26)
 G - a wand of digging (13)
 X - a wand of iceblast (9)
Scrolls
 a - 7 scrolls of immolation
 d - a scroll of acquirement {unknown}
 f - a scroll of enchant weapon
 i - 3 scrolls of enchant armour {unknown}
 k - a scroll of fog {unknown}
 q - a scroll of amnesia
 v - 2 scrolls of torment {unknown}
 w - 5 scrolls of teleportation
 D - a scroll of fear {unknown}
 E - 2 scrolls of holy word {unknown}
 H - a scroll of magic mapping {unknown}
 I - 2 scrolls of blinking {unknown}
 O - a scroll of vulnerability {unknown}
 R - 2 scrolls of brand weapon {unknown}
 W - a scroll of silence {unknown}
Potions
 b - 2 potions of invisibility {unknown}
 c - a potion of lignification {unknown}
 e - a potion of brilliance {unknown}
 g - 4 potions of curing
 l - 3 potions of might
 t - 5 potions of heal wounds
 z - 4 potions of ambrosia
 B - 3 potions of cancellation {unknown}
 F - 3 potions of magic {unknown}
 J - 2 potions of haste
 N - 3 potions of flight {unknown}
Miscellaneous
 x - a piece from Xom's chessboard (15/15)
 P - a box of beasts (inert)
 U - a lightning rod (4/4)


   Skills:
 * Level 9.8 Fighting
 + Level 2.4 Short Blades
 + Level 7.8 Throwing
 + Level 4.0 Armour
 + Level 7.5 Dodging
 + Level 7.2 Stealth
 + Level 3.5 Shields
 + Level 14.6 Spellcasting
 + Level 12.8 Conjurations
 + Level 0.2 Translocations
 + Level 0.2 Transmutations
 + Level 5.9 Earth Magic
 + Level 7.2 Evocations


You had 15 spell levels left.
You knew the following spells:

 Your Spells              Type           Power      Damage    Failure   Level
a - Magic Dart            Conj           100%       1d8       1%          1
b - Searing Ray           Conj           100%       3d7       1%          2
c - Passwall              Tmut/Erth      30%        N/A       4%          2
d - Swiftness             Air            19%        N/A       34%         3
e - Iskenderun's Mystic   Conj/Tloc      53%        2d11      2%          4
f - Blink                 Tloc           N/A        N/A       16%         2
g - Stone Arrow           Conj/Erth      100%       3d13      1%          3
h - Freezing Cloud        Conj/Ice/Air   21%        6-21      16%         5
i - Iskenderun's Battles  Conj           73%        2d12      1%          5

Your spell library contained the following spells:

 Spells                   Type           Power      Damage    Failure   Level
 Lightning Bolt           Conj/Air       26%        1d42      6%          5
 Dazzling Flash           Conj/Hex       100%       N/A       1%          3
 Fulminant Prism          Conj/Hex       26%        3d14      2%          4
 Fireball                 Conj/Fire      26%        3d12      6%          5
 Irradiate                Conj/Tmut      26%        3d22      6%          5
 Animate Skeleton         Necr           38%        N/A       12%         1
 Pain                     Necr           76%        1d7       12%         1
 Orb of Destruction       Conj           36%        9d13      13%         7
 Slow                     Hex            19%        N/A       19%         2
 Conjure Ball Lightning   Conj/Air       26%        3x3d7     30%         6
 Portal Projectile        Hex/Tloc       40%        N/A       32%         3
 Call Canine Familiar     Summ           19%        N/A       34%         3
 Confusing Touch          Hex            19%        N/A       34%         3
 Ozocubu's Armour         Ice            20%        N/A       34%         3
 Vampiric Draining        Necr           9%         2d7       34%         3
 Animate Armour           Summ/Erth      70%        N/A       34%         4
 Leda's Liquefaction      Hex/Erth       17%        N/A       34%         4
 Blade Hands              Tmut           10%        N/A       96%         5
 Manifold Assault         Tloc           21%        N/A       96%         5
 Lehudib's Crystal Spear  Conj/Erth      31%        10d8      97%         8
 Invisibility             Hex            9%         N/A       100%        6
 Dragon Form              Tmut           10%        N/A       100%        7
 Ozocubu's Refrigeration  Ice            10%        4d7       100%        7
 Storm Form               Tmut/Air       10%        N/A       100%        7


Dungeon Overview and Level Annotations

Branches:
Dungeon (11/15)            Temple (1/1) D:7            Lair (6/6) D:10
 Shoals (0/4) Lair:3       Spider (0/4) Lair:2        Slime (0/5) Lair:6
    Orc (0/2) D:10

Altars:
Ashenzari
Cheibriados
Dithmenos
Elyvilon
Fedhas
Gozag
Hepliaklqana
Kikubaaqudgha
Makhleb
Nemelex Xobeh
Okawaru
Qazlal
Ru
Sif Muna
Trog
Uskayaw
Vehumet
Wu Jian
Xom
Yredelemnul
Zin
The Shining One
Jiyva

Shops:
D:3 *

Annotations:
D:11 6 runed translucent doors
Lair:3 Foabaekk's ghost, journeyman GrMo
Lair:4 3 runed translucent doors, Descartes's ghost, journeyman TrMo


Message History

The purple ugly thing is severely wounded.
The searing ray hits the purple ugly thing!
The purple ugly thing is almost dead.
You finish channeling your searing ray.
You hear a horrible gurgling sound!
The purple ugly thing completely misses you.
Your battlesphere fires!
The barrage of energy hits the white ugly thing!
The white ugly thing is moderately wounded.
Aiming: Stone Arrow (safe; 1% risk of failure)
Press: ? - help, Q - select action, (/) - cycle Shift-Dir - straight line, f/p - purple ugly thing
Aim: a purple ugly thing (almost dead, 78% to hit)
The stone arrow misses the purple ugly thing.
You block the white ugly thing's attack.
The purple ugly thing basks in the mutagenic energy from its kin and changes!
Your battlesphere fires!
The barrage of energy hits the white ugly thing!
The white ugly thing is moderately wounded.
Aiming: Stone Arrow (safe; 1% risk of failure)
Press: ? - help, Q - select action, (/) - cycle Shift-Dir - straight line, f/p - white ugly thing
Aim: a white ugly thing (almost dead, 78% to hit)
The stone arrow hits the white ugly thing!
You kill the white ugly thing!
Vehumet accepts your kill.
You feel your power returning. The white ugly thing engulfs you!
The white ugly thing freezes you!
Your battlesphere fires!
The barrage of energy hits the white ugly thing.
The white ugly thing is heavily wounded.
Aiming: Stone Arrow (safe; 1% risk of failure)
Press: ? - help, Q - select action, (/) - cycle Shift-Dir - straight line, f - red ugly thing
Aim: a red ugly thing (78% to hit)
The stone arrow hits the red ugly thing!!
The red ugly thing is moderately wounded.
The white ugly thing engulfs you. The white ugly thing freezes you!!
* * * LOW HITPOINT WARNING * * *
The red ugly thing pecks you.
* * * LOW HITPOINT WARNING * * *
You are engulfed in flames!!
You die...

♣...♣♣..♣ ♣♣#
♣|.♣♣♣♣.♣♣ #
♣.♣♣ ♣♣..♣ #
♣.♣♣♣♣..♣♣ u. #
♣..♣♣...♣ ..♣ #
♣♣.♣♣...♣ ... #
♣♣.♣♣♣.♣♣ ♣u♣ #
♣...♣*.♣ ♣♣u.♣
##
♣.....@♣♣♣♣...♣
#P
♣♣...♣uu♣♣....♣
#. ♣..♣♣♣..).♣
#P ♣..♣ ♣♣..♣♣
♣♣♣♣ ## ♣♣.♣
♣♣♣♣ ♣♣..♣ #
♣.♣ ♣♣♣♣..## ##
♣♣♣ #..♣.## ##.
#.#..## #..
###...# ###..


You could see 2 ugly things and a friendly battlesphere.

Vanquished Creatures
  2 boulder beetles
  Fannar (D:11)
  8 hydras
  A two-headed ogre (D:8)
  A centaur warrior (D:10)
  2 thrashing horrors (Lair:6)
  A lindwurm (Lair:6)
  3 oklob plants (Lair:1)
  A wolf spider (Lair:2)
  4 ugly things
  2 manticores
  A merfolk siren (Lair:3)
  7 elephants
  4 black mambas
  A smoke demon (Lair:6)
  16 cane toads
  6 rime drakes
  A yaktaur (D:10)
  8 komodo dragons
  A queen bee (shapeshifter) (Lair:6)
  A meliai (shapeshifter) (Lair:6)
  3 trolls
  Grinder (D:5)
  2 jumping spiders (Lair:2)
  A slime creature (D:9)
  2 polar bears
  8 blink frogs
  Sigmund (D:6)
  37 yaks
  A vampire (D:6)
  4 redbacks (D:11)
  10 wyverns
  5 small abominations (Lair:6)
  2 wraiths
  9 basilisks
  2 spriggans (Lair:6)
  3 vampire mosquitoes (D:11)
  2 chaos spawn (Lair:6)
  4 steam dragons
  Menkaure (D:5)
  Edmund (D:6)
  17 water moccasins
  An acid dragon (D:11)
  A swamp drake (D:10)
  6 orc warriors
  3 black bears
  A sky beast (D:5)
  2 necrophages
  An ogre (D:5)
  7 centaurs
  22 wolves
  A phantom (D:3)
  5 kobold brigands
  13 bullfrogs
  5 gnoll sergeants
  A water moccasin zombie (D:7)
  2 scorpions
  2 electric eels (Lair:1)
  2 vampire bats (D:7)
  A howler monkey (D:5)
  6 centaur zombies
  A jelly (D:4)
  A bullfrog zombie (D:5)
  2 bullfrog skeletons
  6 orc priests
  Crazy Yiuf (D:5)
  2 iguanas (D:5)
  9 orc wizards
  12 hell rats
  2 killer bee zombies
  A hound skeleton (D:4)
  2 howler monkey zombies
  A howler monkey skeleton (D:6)
  9 adders
  15 gnolls
  An adder skeleton (D:5)
  4 worms
  3 dart slugs
  29 orcs
  4 bats
  2 bat skeletons (D:7)
  2 bat zombies (D:7)
  5 endoplasms
  A giant cockroach (D:2)
  2 hobgoblins
  A quokka (D:1)
  8 ball pythons
  2 frilled lizards
  4 goblins
  A jackal skeleton (D:4)
  18 kobolds
  4 rats
425 creatures vanquished.

Vanquished Creatures (collateral kills)
  A hydra (Lair:6)
  An elephant (Lair:4)
2 creatures vanquished.

Vanquished Creatures (others)
  70 fungi
  69 plants
139 creatures vanquished.

Grand Total: 566 creatures vanquished

Notes
Turn   | Place    | Note
-------+----------+-------------------------------------------
     0 | D:1      | Elvor the Deep Elf Conjurer began the quest for the Orb.
     0 | D:1      | Reached XP level 1. HP: 10/10 MP: 6/6
    95 | D:1      | Reached XP level 2. HP: 15/15 MP: 1/8
   100 | D:1      | Learned a level 2 spell: Searing Ray
   686 | D:2      | Reached skill level 5 in Conjurations
   725 | D:2      | Reached XP level 3. HP: 19/19 MP: 1/9
  1067 | D:2      | Found a faded altar of an unknown god.
  1486 | D:3      | Reached XP level 4. HP: 24/24 MP: 7/11
  1608 | D:3      | Noticed a phantom
  1618 | D:3      | Killed a phantom
  1619 | D:3      | Reached skill level 1 in Fighting
  1619 | D:3      | Reached skill level 4 in Spellcasting
  1619 | D:3      | Reached XP level 5. HP: 29/29 MP: 2/13
  1630 | D:3      | Found Kitaoly's Assorted Antiques.
  1825 | D:3      | Reached skill level 1 in Short Blades
  1934 | D:4      | Reached XP level 6. HP: 35/35 MP: 8/14
  1949 | D:4      | Learned a level 2 spell: Passwall
  1953 | D:4      | Learned a level 3 spell: Swiftness
  1958 | D:4      | Learned a level 4 spell: Iskenderun's Mystic Blast
  2083 | D:4      | Reached skill level 5 in Spellcasting
  2221 | D:4      | Reached skill level 1 in Armour
  2333 | D:5      | Entered Level 5 of the Dungeon
  2339 | D:5      | Reached XP level 7. HP: 40/40 MP: 9/17
  2497 | D:5      | Reached skill level 6 in Spellcasting
  2603 | D:5      | Found a shadowy altar of Dithmenos.
  2646 | D:5      | Noticed Menkaure
  2664 | D:5      | Killed Menkaure
  2688 | D:5      | Reached XP level 8. HP: 29/46 MP: 4/20
  2764 | D:5      | Noticed Grinder
  2774 | D:5      | Killed Grinder
  2775 | D:5      | Reached skill level 7 in Spellcasting
  2791 | D:5      | Found a runed translucent door.
  2792 | D:5      | Noticed Crazy Yiuf
  2797 | D:5      | Killed Crazy Yiuf
  3380 | D:6      | Reached skill level 1 in Throwing
  3575 | D:6      | Reached skill level 1 in Evocations
  3623 | D:6      | Reached skill level 8 in Spellcasting
  3665 | D:6      | Noticed Sigmund
  3672 | D:6      | Killed Sigmund
  3673 | D:6      | Reached XP level 9. HP: 33/52 MP: 17/23
  3694 | D:6      | Noticed Edmund
  3697 | D:6      | Killed Edmund
  3698 | D:6      | Reached skill level 5 in Stealth
  3915 | D:7      | Found a staircase to the Ecumenical Temple.
  3925 | Temple   | Entered the Ecumenical Temple
  3932 | Temple   | Became a worshipper of Vehumet
  4154 | D:7      | Found an ancient bone altar of Kikubaaqudgha.
  4276 | D:7      | Reached * piety under Vehumet
  4276 | D:7      | Offered knowledge of Foxfire by Vehumet.
  4315 | D:7      | Found a white marble altar of Elyvilon.
  4447 | D:7      | HP: 2/52 [centaur/arrow (12)]
  5232 | D:8      | Noticed a two-headed ogre
  5239 | D:8      | Killed a two-headed ogre
  5240 | D:8      | Reached skill level 5 in Fighting
  5240 | D:8      | Reached skill level 9 in Spellcasting
  5240 | D:8      | Reached XP level 10. HP: 59/59 MP: 16/25
  6093 | D:9      | Found a glowing golden altar of the Shining One.
  6157 | D:9      | Noticed a brown ugly thing
  6170 | D:9      | Killed a brown ugly thing
  6214 | D:9      | Reached ** piety under Vehumet
  6214 | D:9      | Offered knowledge of Static Discharge by Vehumet.
  6541 | D:9      | Reached skill level 5 in Evocations
  6751 | D:9      | Noticed a white ugly thing
  6762 | D:9      | HP: 3/60 [white ugly thing (31)]
  6763 | D:9      | Killed a white ugly thing
  7202 | D:10     | Entered Level 10 of the Dungeon
  7228 | D:10     | Noticed a centaur warrior
  7557 | D:10     | Reached skill level 5 in Throwing
  7710 | D:10     | Offered knowledge of Poisonous Vapours by Vehumet.
  7727 | D:10     | Reached XP level 11. HP: 35/64 MP: 23/26
  7878 | D:10     | Found a staircase to the Lair.
  7916 | D:10     | Killed a centaur warrior
  7917 | D:10     | Reached skill level 5 in Dodging
  7917 | D:10     | Reached skill level 10 in Spellcasting
  8218 | D:10     | Reached *** piety under Vehumet
  8279 | D:10     | Found a staircase to the Orcish Mines.
  8306 | D:10     | Offered knowledge of Sticky Flame by Vehumet.
  8448 | D:10     | Learned a level 2 spell: Blink
  8664 | D:11     | Reached skill level 1 in Shields
  8758 | D:11     | Noticed a centaur warrior
  8758 | D:11     | Noticed a centaur warrior
  8758 | D:11     | Noticed an eight-headed hydra
  8758 | D:11     | Noticed an ogre mage
  8760 | D:11     | Noticed a centaur warrior
  8760 | D:11     | Noticed a death knight
  8764 | D:11     | Noticed Fannar
  9082 | D:11     | Found a runed translucent door.
  9130 | D:11     | Found the +8 whip "Snakebite" {venom, curare, rPois}
  9242 | D:11     | Reached skill level 10 in Conjurations
  9270 | D:11     | Killed Fannar
  9459 | D:11     | Found a runed translucent gate.
  9459 | D:11     | Found a runed translucent gate.
  9459 | D:11     | Found a runed translucent gate.
  9459 | D:11     | Found a runed translucent gate.
  9459 | D:11     | Noticed a boulder beetle
  9459 | D:11     | Noticed a boulder beetle
  9460 | D:11     | Found a runed translucent gate.
  9467 | D:11     | Found a runed translucent gate.
  9467 | D:11     | Noticed a lindwurm
  9570 | Lair:1   | Entered Level 1 of the Lair of Beasts
  9611 | D:10     | Reached skill level 11 in Spellcasting
  9896 | Lair:1   | Reached **** piety under Vehumet
 10106 | Lair:1   | Noticed an oklob plant
 10106 | Lair:1   | Noticed an oklob plant
 10106 | Lair:1   | Noticed an oklob plant
 10271 | Lair:1   | Reached XP level 12. HP: 38/72 MP: 20/29
 10320 | Lair:1   | Noticed an eight-headed hydra
 10329 | Lair:1   | Killed an eight-headed hydra
 10414 | Lair:1   | Learned a level 3 spell: Stone Arrow
 10577 | Lair:1   | Offered knowledge of Freezing Cloud by Vehumet.
 10595 | Lair:1   | Identified the +1 hand crossbow "Undertaker" {elec, Stlth+}
 10603 | Lair:1   | Learned a level 5 spell: Freezing Cloud
 10665 | Lair:2   | Noticed a five-headed hydra
 10684 | Lair:2   | Killed a five-headed hydra
 10791 | Lair:2   | Reached skill level 12 in Spellcasting
 10901 | Lair:2   | Learned a level 5 spell: Iskenderun's Battlesphere
 10975 | Lair:2   | Found a hole to the Spider Nest.
 11143 | Lair:2   | Reached ***** piety under Vehumet
 11397 | Lair:3   | Noticed a boulder beetle
 11415 | Lair:3   | Killed a boulder beetle
 11429 | Lair:3   | Offered knowledge of Starburst by Vehumet.
 11669 | Lair:3   | Noticed a four-headed hydra
 11674 | Lair:3   | Killed a four-headed hydra
 11675 | Lair:3   | Reached skill level 1 in Earth Magic
 11741 | Lair:3   | Found a large runed translucent door.
 11741 | Lair:3   | Found a large runed translucent door.
 11743 | Lair:3   | Noticed Foabaekk's ghost (journeyman GrMo)
 11904 | Lair:3   | Noticed a six-headed hydra
 11908 | Lair:3   | Killed a six-headed hydra
 11982 | Lair:3   | Found a staircase to the Shoals.
 12549 | Lair:4   | Reached XP level 13. HP: 68/79 MP: 19/31
 12707 | Lair:4   | Reached skill level 13 in Spellcasting
 13164 | Lair:4   | Found a runed translucent gate.
 13165 | Lair:4   | Found a runed translucent gate.
 13166 | Lair:4   | Found a runed translucent gate.
 13168 | Lair:4   | Noticed Descartes's ghost (journeyman TrMo)
 14207 | Lair:6   | Entered Level 6 of the Lair of Beasts
 14270 | Lair:6   | Found a viscous altar of Jiyva.
 14270 | Lair:6   | Found a staircase to the Slime Pits.
 14922 | Lair:6   | Reached skill level 14 in Spellcasting
 15089 | Lair:6   | Reached skill level 5 in Earth Magic
 15175 | Lair:6   | Offered knowledge of Lightning Bolt by Vehumet.
 15739 | Lair:5   | Reached XP level 14. HP: 68/86 MP: 28/34
 16392 | Lair:6   | Slain by a red ugly thing

Illustrated notes

Levels and vault maps discovered:
D:1:      dpeg_arrival_three_smaller_balls, layout_loops_ring
D:2:      layout_basic, hellmonk_ecumenical_altar_blasted, minmay_pentomino_u2
D:3:      cheibrodos_old_hovel, layout_rooms, serial_shops, shop,
          saegor_snake_ambush
D:4:      layout_rooms
D:5:      layout_basic, mainiacjoe_overflow_surrounded_room,
          minmay_misc_feat_plants, uniq_crazy_yiuf_cottage, uniq_menkaure,
          uniq_grinder
D:6:      layout_basic, sigmund_edmund_badplayer
D:7:      layout_loops_ring, kennysheep_vampire_church, elyvilon_altar_1,
          minmay_temple_entry_arrows, hangedman_decor_riveting
D:8:      layout_basic
D:9:      minmay_opposing_rooms, layout_stronghold, nicolae_tso_carved_into_rock
D:10:     layout_long_grid, due_lair_maze_entry_diamond, erik_orc_1,
          minmay_radiant
D:11:     gammafunk_indiana_jones, layout_irregular_city, minivault_12,
          uniq_fannar
Temple:   nicolae_temple_no_exploring_needed
Lair:1:   layout_cave_pods, minmay_lair_oklob_chamber,
          infiniplex_staircase_pool, serial_bayou_shore_b
Lair:2:   layout_chaotic_city, spider_nest_entry_funnel_web, grunt_megastairs_4,
          infiniplex_staircase_pool_2, serial_bayou_shore_b, lemuel_fruit_fields
Lair:3:   layout_big_grid, minmay_shoals_entry_lonely_mermaid,
          ebering_ghost_disaster_area, grunt_megastairs_3, lemuel_fruit_tree
Lair:4:   layout_long_grid, gammafunk_ghost_necromancy, special_room
          [special_room_mythical_zoo]
Lair:5:   layout_regular_city
Lair:6:   hellmonk_lair_end_abyssal_woods, layout_cave_pods, slime_altar_1,
          grunt_megastairs_2

Skill      XL: |  1  2  3  4  5  6  7  8  9 10 11 12 13 |
---------------+----------------------------------------+-----
Conjurations   | 5 6 7 8 9 10 11 12 | 12.8
Fighting       | 1 2 3 4 5 6 7 8 9 |  9.8
Spellcasting   | 4 5 6 8 9 11 12 14 | 14.6
Stealth        | 3 4 5 6 7 |  7.2
Short Blades   | 1 2 |  2.4
Armour         | 1 2 3 4 |  4.0
Dodging        | 3 4 6 7 |  7.5
Throwing       | 1 3 5 6 7 |  7.8
Evocations     | 1 4 5 6 7 |  7.2
Shields        | 2 3 |  3.5
Earth Magic    | 2 5 |  5.9
Translocations | |  0.2
Transmutations | |  0.2

Action                   |  1- 3 |  4- 6 |  7- 9 | 10-12 | 13-15 || total
-------------------------+-------+-------+-------+-------+-------++-------
Melee: Short sword       |     1 |     9 |       |     7 |    54 ||    71
Throw: Dart              |       |       |    24 |    69 |    27 ||   120
       Boomerang         |       |       |       |     4 |     3 ||     7
 Cast: Magic Dart        |    58 |    42 |    20 |    46 |    64 ||   230
       Searing Ray       |     4 |    13 |    51 |   136 |    33 ||   237
       Iskenderun's Myst |       |       |       |     2 |       ||     2
       Blink             |       |       |       |     5 |     3 ||     8
       Stone Arrow       |       |       |       |    40 |   221 ||   261
       Iskenderun's Batt |       |       |       |    10 |    10 ||    20
       Passwall          |       |       |       |     2 |     1 ||     3
       Freezing Cloud    |       |       |       |       |     2 ||     2
Evoke: Wand              |       |       |    21 |    43 |     8 ||    72
       Box of beasts     |       |       |       |       |     2 ||     2
  Use: Potion            |       |       |     1 |     7 |     1 ||     9
       Scroll            |       |       |       |     8 |     1 ||     9
 Stab: Paralysed         |       |       |       |     3 |     7 ||    10
Armor: Robe              |     2 |       |       |       |       ||     2
       Leather armour    |     1 |     8 |    17 |       |       ||    26
       Steam dragon scal |       |       |     2 |    72 |    61 ||   135
Dodge: Dodged            |     4 |    11 |    33 |    94 |   118 ||   260
Block: Kite shield       |       |       |       |    53 |    94 ||   147
